AoeStats
← JohnyCS8

Socotra

515492212Analyzed
1v1 RM · 15d ago on Oct 22, 2026· 28m 53s· 2 players
Game mode
Random Map
Map size
96×96
Population
200
Speed
Normal
Resources
Standard
Victory
Conquest
Starting age
Dark Age
Ending age
Imperial Age
RankedLock teamsTeams togetherTeam positionsShared explorationLock speedFull tech treeHidden civsTurbo modeCheats
Victory
Defeat
🇬🇧 Magyars · United Kingdom
1078
+16
vs
🇧🇪 Franks · Belgium
1081
-16
TaysteeWheat
2:36 Loom
10:25 Feudal Age
15:29 Double-Bit Axe
22:42 Castle Age
21:24 Scale Barding Armor
21:06 Horse Collar
23:13 Fletching
23:23 Padded Archer Armor
23:57 Bodkin Arrow
25:20 Bloodlines
24:32 Light Cavalry
25:22 Husbandry
26:06 Leather Archer Armor
28:19 Town Watch
JohnyCS8
5:21 Loom
12:09 Feudal Age
22:22 Castle Age
20:37 Double-Bit Axe
21:47 Gold Mining
25:25 Stone Mining
26:37 Scale Barding Armor
28:19 Husbandry
29:41 Gold Shaft Mining
Connection lost

Rejoining the realm…

Still unreachable

The connection could not be restored.

Session expired

The server has moved on; the page needs a fresh start.